 Dungeon Crawl Stone Soup version 0.22-a0-407-gb098539 (webtiles) character file.

16440 dstrtnsr the Grappler (level 12, -7/120 HPs)
             Began as a Troll Fighter on May 10, 2018.
             Was a High Priest of Okawaru.
             Mangled by a seven-headed hydra (14 damage)
             ... on level 4 of the Lair of Beasts.
             The game lasted 00:08:37 (8804 turns).

dstrtnsr the Grappler (Troll Fighter)               Turns: 8804, Time: 00:08:38

Health: -7/120     AC:  9    Str: 31    XL:     12   Next: 10%
Magic:  16/16      EV:  8    Int:  4    God:    Okawaru [*****.]
Gold:   93         SH: 21    Dex:  9    Spells: 11/11 levels left

rFire    . . .     SeeInvis .     - Unarmed
rCold    . . .     Gourm    +   p - +0 large shield
rNeg     . . .     Faith    .   y - +0 steam dragon scales
rPois    .         Spirit   .   (helmet restricted)
rElec    .         Reflect  +   u - +0 cloak (curse)
rCorr    .         Harm     .   (gloves unavailable)
MR       .....                  (boots unavailable)
Stlth    ++........             w - +3 amulet of reflection
HPRegen  0.70/turn              f - ring of flight
MPRegen  0.15/turn              n - ring of stealth

@: no status effects
A: large, unfitting armour, claws 3, fast metabolism 3, gourmand, regeneration
1, shaggy fur 1, tough skin 2
a: Heroism, Finesse, Renounce Religion, Evoke Flight


You were on level 4 of the Lair of Beasts.
You worshipped Okawaru.
Okawaru was extremely pleased with you.
You were very full.

You visited 3 branches of the dungeon, and saw 15 of its levels.

You collected 618 gold pieces.
You spent 525 gold pieces at shops.

Inventory:

Missiles
 j - 2 throwing nets (quivered)
Armour
 a - a +0 robe
 p - a +0 large shield (worn)
 u - a cursed +0 cloak (worn)
 y - +0 steam dragon scales (worn)
Jewellery
 f - a ring of flight (left claw)
 n - a ring of stealth (right claw)
 w - a +3 amulet of reflection (around neck)
Wands
 C - a wand of acid (7)
 D - a wand of disintegration (19)
 G - a wand of clouds (5)
 I - a wand of iceblast (16)
 J - a wand of scattershot (3)
 M - a wand of polymorph (15)
Scrolls
 g - a scroll of blinking
 h - 9 scrolls of remove curse {@r2}
 i - 2 scrolls of teleportation {!d}
 m - a scroll of enchant weapon {unknown}
 o - a scroll of immolation {unknown}
 q - a scroll of noise {unknown}
 r - a scroll of random uselessness {unknown}
 s - a scroll of fog
 x - a scroll of acquirement {unknown}
 A - a scroll of enchant armour {unknown}
 E - 2 scrolls of identify {@r1}
 F - a scroll of amnesia {unknown}
Potions
 b - 2 potions of haste
 c - a potion of ambrosia
 d - 2 potions of heal wounds
 k - 2 potions of berserk rage
 l - a potion of mutation
 t - 5 potions of curing {@q1}
 v - a potion of flight
 z - 3 potions of lignification
 B - a potion of invisibility
Comestibles
 e - 26 rations {!d}
 H - 4 chunks of flesh


   Skills:
 + Level 8.2 Fighting
 - Level 2.4 Dodging
 + Level 8.2 Shields
 * Level 12.9 Unarmed Combat
 + Level 6.9 Invocations


You had 11 spell levels left.
You didn't know any spells.

Dungeon Overview and Level Annotations

Branches:
Dungeon (10/15)            Temple (1/1) D:5            Lair (4/6) D:10
 Shoals (0/4) Lair:3
  Snake: Lair:2-4    Spider: Lair:2-4       Orc: D:9-12

Altars:
Ashenzari
Cheibriados
Dithmenos
Elyvilon
Fedhas
Gozag
Kikubaaqudgha
Okawaru
Ru
Uskayaw
Vehumet
Wu Jian
Xom
Zin
The Shining One

Shops:
D:10 !

Annotations:
Lair:1 exclusion: oklob plant


Innate Abilities, Weirdness & Mutations

You are too large for most types of armour.
You have claws for hands.
Your metabolism is lightning-fast.
You like to eat raw meat.
Your natural rate of healing is unusually fast.
You are covered in fur. (AC +1)
You have very tough skin. (AC +2)


Message History

A komodo dragon comes into view.
You claw the bullfrog!
The bullfrog is heavily wounded.
You block the bullfrog's attack.
You closely miss the bullfrog.
The bullfrog is heavily wounded.
You block the bullfrog's attack.
You eviscerate the bullfrog!!!
You kill the bullfrog!
Okawaru accepts your kill. The water moccasin barely misses you.
You closely miss the water moccasin. You block the water moccasin's attack.
You mangle the water moccasin!!
You kill the water moccasin!
Okawaru accepts your kill. Something appears at your feet!
Okawaru grants you armour!
A six-headed hydra comes into view.
The six-headed hydra roars!
The six-headed hydra moves out of view.
You completely miss the komodo dragon. You block the komodo dragon's attack.
You mangle the komodo dragon!!
The komodo dragon is heavily wounded.
The komodo dragon bites you.
You mangle the komodo dragon!!
The komodo dragon is almost dead.
The komodo dragon bites you!!
You barely miss the komodo dragon.
The komodo dragon is almost dead.
The komodo dragon bites you!!
You scratch the komodo dragon.
The komodo dragon is almost dead.
You claw the komodo dragon!
You kill the komodo dragon!
Okawaru accepts your kill.
You claw one of the six-headed hydra's heads off!
The five-headed hydra grows two more!
You scratch the seven-headed hydra.
The seven-headed hydra is lightly wounded.
You barely miss the seven-headed hydra.
The seven-headed hydra is lightly wounded.
You block the seven-headed hydra's attack.
The seven-headed hydra bites you.
You block the seven-headed hydra's attack.
The seven-headed hydra bites you!
The seven-headed hydra bites you but does no damage.
The seven-headed hydra bites you. The seven-headed hydra bites you!
Your shield prevents you from hitting the seven-headed hydra.
The seven-headed hydra is lightly wounded.
The seven-headed hydra bites you but does no damage.
The seven-headed hydra closely misses you.
You block the seven-headed hydra's attack.
The seven-headed hydra closely misses you.
You block the seven-headed hydra's attack.
The seven-headed hydra closely misses you.
You block the seven-headed hydra's attack.
You scratch the seven-headed hydra.
The seven-headed hydra is lightly wounded.
You block the seven-headed hydra's attack. x3
The seven-headed hydra bites you but does no damage.
The seven-headed hydra bites you!
The seven-headed hydra completely misses you.
The seven-headed hydra bites you.
You are too injured to fight recklessly!
You are too injured to fight recklessly!
You are too injured to fight recklessly!
You are too injured to fight recklessly!
You are too injured to fight recklessly!
You are too injured to fight recklessly!
You are too injured to fight recklessly!
You are too injured to fight recklessly!
Unknown command.
You see here a glowing robe {god gift}.
The seven-headed hydra barely misses you.
You block the seven-headed hydra's attack. x2
The seven-headed hydra bites you!
You block the seven-headed hydra's attack.
The seven-headed hydra bites you but does no damage.
The seven-headed hydra bites you!
* * * LOW HITPOINT WARNING * * *
You see here 9 stones.
You claw the plant!
The plant is moderately damaged.
You block the seven-headed hydra's attack.
The seven-headed hydra bites you. The seven-headed hydra bites you!
* * * LOW HITPOINT WARNING * * *
The seven-headed hydra bites you.
* * * LOW HITPOINT WARNING * * *
The seven-headed hydra bites you but does no damage.
You block the seven-headed hydra's attack.
The seven-headed hydra bites you!
* * * LOW HITPOINT WARNING * * *
You mangle the plant!!
The plant is heavily damaged.
You block the seven-headed hydra's attack. x2
The seven-headed hydra misses you. The seven-headed hydra bites you.
* * * LOW HITPOINT WARNING * * *
The seven-headed hydra bites you!
* * * LOW HITPOINT WARNING * * *
The seven-headed hydra bites you!
You die...

##..# ##.....P.# #...#
#........# ## ##..#
####..###..####. ....#
##.#...###.(.##..
....#
###......P##P#....#
P..##
###..........####.#..
#...# #...........##
##... #...#
##....D......## ##..
#...###
#....@........# ##.
......####
##P.P#..#.##### #..
.......#.###..P#######
#P# ....##........##
### ......P.....###
........#.#...#
......#.#..†(##
......#..###.#
########## #††#


You could see a seven-headed hydra.

Vanquished Creatures
  3 two-headed ogres
  6 elephants (Lair:4)
  3 merfolk sirens (Lair:3)
  3 spiny frogs
  7 komodo dragons
  A rime drake (Lair:4)
  A merfolk (Lair:3)
  A troll (D:10)
  3 hornets (D:9)
  Grinder (D:5)
  3 blink frogs (Lair:4)
  2 hippogriffs
  Sigmund (D:3)
  4 yaks (Lair:3)
  A steam dragon (D:9)
  A basilisk (Lair:3)
  A soldier ant (D:9)
  2 insubstantial wisps (D:9)
  8 water moccasins
  4 porcupines
  2 orc warriors (D:8)
  3 sky beasts (D:9)
  2 ice beasts (D:10)
  2 phantoms
  An ogre (D:4)
  4 centaurs
  5 crocodiles
  A big kobold (D:5)
  4 bullfrogs
  2 scorpions (D:4)
  3 howler monkeys (D:9)
  A bullfrog zombie (D:6)
  4 crimson imps
  5 orc priests
  4 hounds
  2 jellies (D:6)
  Crazy Yiuf (D:5)
  2 bullfrog skeletons
  9 orc wizards
  6 worker ants
  A killer bee zombie (D:5)
  A hound skeleton (D:8)
  Robin (D:2)
  17 adders
  An adder zombie (D:6)
  3 worms
  3 adder skeletons
  2 leopard geckos
  30 orcs
  4 bats
  4 giant cockroaches
  11 goblins
  4 hobgoblins
  16 jackals
  3 quokkas
  2 frilled lizards
  A jackal skeleton (D:3)
  8 kobolds
  2 leopard gecko skeletons
  A quokka skeleton (D:4)
  A quokka zombie (D:8)
  3 rats
238 creatures vanquished.

Vanquished Creatures (others)
  A two-headed ogre (D:9)
  2 centaurs
3 creatures vanquished.

Grand Total: 241 creatures vanquished

Notes
Turn   | Place    | Note
-------+----------+-------------------------------------------
     0 | D:1      | dstrtnsr the Troll Fighter began the quest for the Orb.
     0 | D:1      | Reached XP level 1. HP: 22/22 MP: 0/0
   219 | D:2      | Noticed Robin
   222 | D:2      | Reached XP level 2. HP: 29/29 MP: 1/1
   249 | D:2      | Killed Robin
   249 | D:2      | Reached XP level 3. HP: 20/36 MP: 2/2
   255 | D:2      | Reached skill level 3 in Unarmed Combat
   422 | D:3      | Reached XP level 4. HP: 39/44 MP: 3/3
   561 | D:3      | Noticed Sigmund
   571 | D:3      | Killed Sigmund
   571 | D:3      | Reached skill level 4 in Unarmed Combat
   571 | D:3      | Reached XP level 5. HP: 41/53 MP: 4/4
   702 | D:3      | Noticed a hippogriff
   711 | D:3      | Killed a hippogriff
   711 | D:3      | Reached skill level 5 in Unarmed Combat
   711 | D:3      | Reached XP level 6. HP: 28/62 MP: 5/5
   894 | D:3      | HP: 21/62 [orc/mace (4)]
   900 | D:3      | HP: 19/62 [poisoned by an adder]
   908 | D:3      | HP: 22/62 [poisoned by an adder]
  1135 | D:4      | Reached XP level 7. HP: 62/68 MP: 6/6
  1368 | D:4      | Reached skill level 6 in Unarmed Combat
  1590 | D:4      | Found an opulent altar of Gozag.
  1992 | D:5      | Entered Level 5 of the Dungeon
  2018 | D:5      | HP: 27/71 [orc/club (4)]
  2204 | D:5      | Reached XP level 8. HP: 75/79 MP: 7/7
  2383 | D:5      | Reached skill level 7 in Unarmed Combat
  2599 | D:5      | Noticed Grinder
  2615 | D:5      | Killed Grinder
  2638 | D:5      | Found a staircase to the Ecumenical Temple.
  2703 | Temple   | Entered the Ecumenical Temple
  2727 | Temple   | Became a worshipper of Warmaster Okawaru
  2867 | D:5      | Found a runed door.
  3094 | D:5      | Noticed Crazy Yiuf
  3097 | D:5      | Killed Crazy Yiuf
  3180 | D:6      | Reached skill level 5 in Fighting
  3180 | D:6      | Reached skill level 5 in Shields
  3282 | D:6      | Reached skill level 8 in Unarmed Combat
  3291 | D:6      | HP: 29/80 [quokka (4)]
  3292 | D:6      | Reached skill level 1 in Invocations
  3384 | D:6      | Reached * piety under Okawaru
  3901 | D:7      | Noticed a hippogriff
  3911 | D:7      | Killed a hippogriff
  3911 | D:7      | Reached XP level 9. HP: 68/88 MP: 9/9
  4298 | D:8      | Noticed a two-headed ogre
  4299 | D:8      | HP: 33/88 [orc priest/divine providence (9)]
  4300 | D:8      | Reached ** piety under Okawaru
  4302 | D:8      | Reached skill level 9 in Unarmed Combat
  4304 | D:8      | HP: 33/89 [orc/flail (3)]
  4323 | D:8      | Killed a two-headed ogre
  5111 | D:9      | Reached *** piety under Okawaru
  5146 | D:9      | Noticed a two-headed ogre
  5172 | D:9      | Reached XP level 10. HP: 69/98 MP: 11/11
  5213 | D:9      | HP: 31/98 [two-headed ogre/giant club (18)]
  5218 | D:9      | HP: 24/98 [steam dragon/ball of steam (10)]
  5222 | D:9      | Killed a two-headed ogre
  5222 | D:9      | Reached skill level 10 in Unarmed Combat
  5223 | D:9      | HP: 14/100 [steam dragon (7)]
  5404 | D:9      | Noticed a two-headed ogre
  5416 | D:9      | Killed a two-headed ogre
  5416 | D:9      | Reached **** piety under Okawaru
  5560 | D:9      | Paralysed by a hornet for 1 turns
  5571 | D:9      | HP: 33/100 [soldier ant (8)]
  5577 | D:9      | HP: 34/100 [poisoned by a hornet]
  5582 | D:9      | HP: 34/100 [soldier ant (2)]
  5587 | D:9      | HP: 27/100 [poisoned by a soldier ant]
  5592 | D:9      | HP: 19/100 [poisoned by a hornet]
  5593 | D:9      | HP: 9/100 [poisoned by a hornet]
  5598 | D:9      | HP: 34/100 [poisoned by a hornet]
  5603 | D:9      | HP: 30/100 [poisoned by a hornet]
  5608 | D:9      | HP: 26/100 [poisoned by a hornet]
  5614 | D:9      | HP: 25/100 [poisoned by a hornet]
  5619 | D:9      | HP: 25/100 [poisoned by a hornet]
  5624 | D:9      | HP: 26/100 [poisoned by a hornet]
  5629 | D:9      | HP: 27/100 [poisoned by a hornet]
  5637 | D:9      | HP: 31/100 [poisoned by a hornet]
  5901 | D:10     | Entered Level 10 of the Dungeon
  5949 | D:10     | Found Paeddaca's Distillery.
  5956 | D:10     | Bought a potion of curing for 45 gold pieces
  5956 | D:10     | Bought a potion of heal wounds for 75 gold pieces
  5956 | D:10     | Bought a potion of curing for 45 gold pieces
  5956 | D:10     | Bought a potion of curing for 45 gold pieces
  5956 | D:10     | Bought a potion of invisibility for 120 gold pieces
  5956 | D:10     | Bought a potion of haste for 150 gold pieces
  5956 | D:10     | Bought a potion of curing for 45 gold pieces
  5975 | D:10     | Noticed a two-headed ogre
  5980 | D:10     | Killed a two-headed ogre
  5980 | D:10     | Reached skill level 11 in Unarmed Combat
  5980 | D:10     | Reached skill level 5 in Invocations
  6052 | D:10     | Reached ***** piety under Okawaru
  6138 | D:10     | Found a staircase to the Lair.
  6429 | Lair:1   | Entered Level 1 of the Lair of Beasts
  6590 | Lair:1   | Reached XP level 11. HP: 109/109 MP: 12/14
  6628 | Lair:1   | Received a gift from Okawaru
  7142 | Lair:1   | HP: 30/109 [komodo dragon (23)]
  7148 | Lair:1   | HP: 20/109 [poisoned by a water moccasin]
  7154 | Lair:1   | HP: 18/109 [poisoned by a water moccasin]
  7159 | Lair:1   | HP: 17/109 [poisoned by a water moccasin]
  7164 | Lair:1   | HP: 17/109 [poisoned by a water moccasin]
  7169 | Lair:1   | HP: 16/109 [poisoned by a water moccasin]
  7174 | Lair:1   | HP: 17/109 [poisoned by a water moccasin]
  7180 | Lair:1   | HP: 19/109 [poisoned by a water moccasin]
  7187 | Lair:1   | HP: 22/109 [poisoned by a water moccasin]
  7435 | Lair:1   | Noticed an oklob plant
  7667 | Lair:2   | You fall through a shaft!
  7717 | Lair:3   | Found a staircase to the Shoals.
  7727 | Lair:3   | Reached skill level 12 in Unarmed Combat
  8023 | Lair:3   | Received a gift from Okawaru
  8638 | Lair:4   | Received a gift from Okawaru
  8647 | Lair:4   | Reached XP level 12. HP: 118/119 MP: 8/16
  8761 | Lair:4   | Received a gift from Okawaru
  8762 | Lair:4   | Noticed a six-headed hydra
  8772 | Lair:4   | HP: 41/120 [seven-headed hydra (12)]
  8788 | Lair:4   | HP: 41/120 [seven-headed hydra (8)]
  8803 | Lair:4   | HP: 38/120 [seven-headed hydra (1)]
  8803 | Lair:4   | HP: 16/120 [seven-headed hydra (12)]
  8804 | Lair:4   | HP: 7/120 [seven-headed hydra (7)]
  8804 | Lair:4   | Mangled by a seven-headed hydra

Vault maps used:
D:1:      lightli_arrival_statue_moat, serial_park_tiny_pond
D:2:      nicolae_overflow_crystal_walls, uniq_robin
D:3:      first_ration, kennysheep_generic_room_16, uniq_sigmund
D:4:      grunt_gozag_breadcrumbs
D:5:      cheibrodos_quashed, lemuel_temple_firewalk_a, kennysheep_boxes,
          uniq_grinder, uniq_crazy_yiuf_cottage
D:6:      hex_large
D:7:      serial_shops, nicolae_shop_trees
D:9:      hangedman_pestilent_swarm, hangedman_misty_isle
D:10:     lair_entry_dummy, serial_shops, nicolae_shop_stone
Temple:   nicolae_temple_the_god_donut
Lair:1:   beast_lair_carwin_7, minmay_lair_oklob_chamber
Lair:2:   gammafunk_lair_bear_cave, grunt_megastairs_5
Lair:3:   elwin_shoals_entry_stream, nicolae_quartered_pool_super, minmay_holes,
          grunt_megastairs_2, lemuel_fruit_fields
Lair:4:   guppyfry_snake_entry_garden, basic_altar, st_stairs_13

Skill      XL: |  1  2  3  4  5  6  7  8  9 10 11 |
---------------+----------------------------------+-----
Unarmed Combat | 3 4 5 6 8 9 11 12 | 12.9
Fighting       | 3 4 5 6 7 8 |  8.2
Shields        | 3 4 5 6 7 8 |  8.2
Invocations    | 1 3 5 6 |  6.9
Dodging        | |  2.4

Action                   |  1- 3 |  4- 6 |  7- 9 | 10-12 || total
-------------------------+-------+-------+-------+-------++-------
Melee: Unarmed           |    77 |    85 |   385 |   321 ||   868
Invok: Heroism           |       |       |       |     5 ||     5
       Finesse           |       |       |       |     3 ||     3
  Use: Potion            |       |     1 |       |     1 ||     2
       Scroll            |       |     2 |     7 |     2 ||    11
 Stab: Sleeping          |       |       |     2 |     3 ||     5
       Confused          |       |       |     1 |       ||     1
  Eat: Chunk             |    10 |     4 |    37 |    35 ||    86
Armor: Robe              |    31 |    32 |   108 |       ||   171
       Skin              |       |       |     3 |       ||     3
       Steam dragon scal |       |       |       |    24 ||    24
Dodge: Dodged            |    23 |    41 |   108 |    46 ||   218
Block: Shield            |    39 |    31 |   115 |       ||   185
       Large shield      |       |       |   111 |   247 ||   358
       Reflection        |       |       |     7 |     6 ||    13
       Other             |       |       |     1 |       ||     1

Table legend:
 A = Spawn XP
 B = Non-spawn XP
 C = Spawn XP percentage of total XP
 D = Spawn monster count
 E = Non-spawn monster count
 F = Spawn count percentage of total count
 G = Total turns spent on level
                    A         B        C        D         E        F      G
               +---------+---------+-------+---------+---------+-------+---------
         Total |       0 |   23487 |   0.0 |       0 |     241 |   0.0 |  8804
               +---------+---------+-------+---------+---------+-------+---------
           D:1 |       0 |      11 |   0.0 |       0 |       6 |   0.0 |   216
           D:2 |       0 |      62 |   0.0 |       0 |      18 |   0.0 |   200
           D:3 |       0 |     572 |   0.0 |       0 |      25 |   0.0 |   692
           D:4 |       0 |     585 |   0.0 |       0 |      24 |   0.0 |  1007
           D:5 |       0 |     659 |   0.0 |       0 |      20 |   0.0 |  1074
           D:6 |       0 |     758 |   0.0 |       0 |      31 |   0.0 |   616
           D:7 |       0 |     540 |   0.0 |       0 |      13 |   0.0 |   195
           D:8 |       0 |    1455 |   0.0 |       0 |      17 |   0.0 |   717
           D:9 |       0 |    3981 |   0.0 |       0 |      25 |   0.0 |  1135
          D:10 |       0 |    2024 |   0.0 |       0 |      15 |   0.0 |   528
        Lair:1 |       0 |    3797 |   0.0 |       0 |      16 |   0.0 |  1221
        Lair:3 |       0 |    4238 |   0.0 |       0 |      17 |   0.0 |   887
        Lair:4 |       0 |    4805 |   0.0 |       0 |      14 |   0.0 |   250
               +---------+---------+-------+---------+---------+-------+---------
